 Dungeon Crawl Stone Soup version 0.16-a0-4112-g89a4107 (webtiles) character file.

20 wh1te the Firebug (level 2, -5/15 HPs)
             Began as a Gargoyle Fire Elementalist on Feb 27, 2015.
             Killed by nerve-wracking pain
             ... invoked by Jessica
              (10 damage)
             ... on level 2 of the Dungeon.
             The game lasted 00:05:27 (1215 turns).

wh1te the Firebug (Gargoyle Fire Elementalist)      Turns: 1215, Time: 00:05:27

Health: -5/15      AC:  5    Str: 11    XL:     2   Next: 79%
Magic:  4/5        EV: 12    Int: 15    God:
Gold:   60         SH:  0    Dex: 10    Spells: 1 memorised, 4 levels left

rFire  . . .     SeeInvis .     j - +0 short sword (venom)
rCold  . . .     Clarity  .     a - +0 robe
rNeg   + . .     SustAb   .     (no shield)
rPois  ∞         Gourm    .     i - +0 helmet
rElec  +         Spirit   .     (no cloak)
rCorr  .         Warding  .     (no gloves)
rMut   .         Stasis   .     (no boots)
MR     .....                    (no amulet)
Stlth  ++........               (no ring)
                                (no ring)

@: slowed, very slow, not resistant to hostile enchantments, unstealthy
A: negative energy resistance 1, electricity resistance, unbreathing,
petrification resistance, rot immunity, AC +2
a: no special abilities


You were on level 2 of the Dungeon.
You were not hungry.

You visited 1 branch of the dungeon, and saw 2 of its levels.

You collected 60 gold pieces.

Inventory:

Hand weapons
 d - a +0 club
 e - a +0 whip
 j - a +0 short sword of venom (weapon)
Armour
 a - a +0 robe (worn)
 i - a +0 helmet (worn)
Scrolls
 f - a scroll of remove curse {unknown}
 g - a scroll of teleportation {unknown}
Potions
 h - a potion of heal wounds {unknown}
Books
 b - a book of Flames

   Spells                             Type                      Level
   a - Flame Tongue                   Conjuration/Fire             1
   b - Throw Flame                    Conjuration/Fire             2
   c - Conjure Flame                  Conjuration/Fire             3
   d - Inner Flame                    Hexes/Fire                   3
   e - Sticky Flame                   Conjuration/Fire             4
   f - Fireball                       Conjuration/Fire             5
Comestibles
 c - a bread ration


   Skills:
 - Level 1.5 Dodging
 - Level 2.1 Stealth
 * Level 2.3 Spellcasting
 + Level 1.2 Conjurations
 + Level 3.6 Fire Magic


You had 4 spell levels left.
You knew the following spells:

 Your Spells              Type           Power        Failure   Level  Hunger
a - Flame Tongue          Conj/Fire      #....        10%         1    #......


Dungeon Overview and Level Annotations

Branches:
Dungeon (2/15)

Altars:

Annotations:
D:2 Jessica


Innate Abilities, Weirdness & Mutations

You are resistant to torment.
You are immune to poison.
Your stone body is very resilient (AC +2).
You resist negative energy.
You are resistant to electric shocks.
You can survive without breathing.
You are immune to petrification.
You are immune to rotting.


Message History

You hit the kobold but do no damage.
The kobold is poisoned.
Something tries to affect you, but you resist.
The kobold hits you with a short sword.
You hit the kobold but do no damage.
The kobold looks even sicker.
The kobold misses you.
You barely miss the kobold.
The kobold is moderately wounded.
You kill the kobold!
You hear some strange, mumbled words.
You hear some strange, mumbled words.
You feel yourself slow down.
Things that are here:
a short sword; 3 stones; a kobold corpse You hear some strange, mumbled words.
Pain shoots through your body! Something hits you.
You hear some strange, mumbled words.
Pain shoots through your body! Pain shoots through your body!
Ouch! That really hurt!
You die...

.........# .....##
.........###### .......
.........##...####.....#
)......................#
.........#.............#
.........#....###).....#
#.########......#......#
#.# #....#.#..#.#.# #.#
#....#>@..#.# # #.#
#..######.# # #.# #...
... #.# #.## .### #.# #.
.. #.# ## #..


There were no monsters in sight!

Vanquished Creatures
  A giant cockroach (D:1)
  3 goblins (D:1)
  A hobgoblin (D:1)
  4 bats
  A giant gecko (D:1)
  5 kobolds
  6 rats (D:1)
21 creatures vanquished.

Notes
Turn   | Place    | Note
--------------------------------------------------------------
     0 | D:1      | wh1te, the Gargoyle Fire Elementalist, began the quest for the Orb.
     0 | D:1      | Reached XP level 1. HP: 10/10 MP: 3/3
   213 | D:1      | Reached XP level 2. HP: 15/15 MP: 0/5
  1196 | D:2      | Noticed Jessica
  1215 | D:2      | Killed from afar by Jessica

Action                   || total
-------------------------++-------
Melee: Club              ||     3
       Whip              ||     5
       Short sword       ||     3
 Cast: Flame Tongue      ||    33
  Eat: Bread ration      ||     1
